 Dungeon Crawl Stone Soup version 0.20.0 (webtiles) character file.

179 FakerFangirl the Cudgeler (level 5, 0/45 HPs)
             Began as a Draconian Fighter on May 26, 2017.
             Slain by a jackal (2 damage)
             ... on level 3 of the Dungeon.
             The game lasted 00:02:28 (2064 turns).

FakerFangirl the Cudgeler (Draconian Fighter)       Turns: 2064, Time: 00:02:28

Health: 0/45       AC:  6    Str: 19    XL:     5   Next: 32%
Magic:  5/5        EV: 10    Int:  8    God:
Gold:   70         SH:  9    Dex: 11    Spells: 4/4 levels left

rFire    . . .     SeeInvis .   Y - +0 flail
rCold    . . .     Gourm    .   b - +0 shield
rNeg     . . .     Faith    .   (armour unavailable)
rPois    .         Spirit   .   (helmet restricted)
rElec    .         Reflect  .   (no cloak)
rCorr    .         Harm     .   (no gloves)
MR       .....                  g - +0 pair of boots
Stlth    +.........             (no amulet)
Regen    0.2/turn               (no ring)
MPRegen  0.1/turn               (no ring)

@: about to teleport
A: unfitting armour, cold-blooded, AC +5
a: no special abilities


You were on level 3 of the Dungeon.
You were not hungry.

You visited 1 branch of the dungeon, and saw 3 of its levels.

You collected 70 gold pieces.


Innate Abilities, Weirdness & Mutations

Your plain brown scales are hard. (AC +5)
You cannot fit into any form of body armour.
You are cold-blooded and may be slowed by cold attacks.


   Skills:
 - Level 3.2 Fighting
 + Level 5.6 Maces & Flails
 - Level 2.6 Dodging
 - Level 3.0 Shields


You had 4 spell levels left.
You didn't know any spells.

Inventory:

Hand Weapons
 Y - a +0 flail (weapon)
Armour
 b - a +0 shield (worn)
 g - a +0 pair of boots (worn)
Scrolls
 h - a scroll of identify
Potions
 c - a potion of might
 k - a potion of curing
 l - a potion of haste
Comestibles
 a - 9 chunks of flesh
 d - 2 bread rations
 f - 2 royal jellies

Dungeon Overview and Level Annotations

Branches:
Dungeon (3/15)

Altars:
Kikubaaqudgha

Annotations:
D:3 Natasha


Message History

You hit the crimson imp.
The crimson imp is lightly wounded.
You block the jackal's attack. x2
The orc wizard casts a spell.
The orc wizard seems to speed up.
The orc priest calls down the wrath of Beogh upon you.
Beogh smites you!
The jackal bites you but does no damage.
The crimson imp hits you. The jackal completely misses you.
2063 ||| READING scroll of teleportation.
As you read the scroll of teleportation, it crumbles to dust.
You feel strangely unstable. The jackal barely misses you.
You block the jackal's attack. The crimson imp hits you.
You completely miss the crimson imp. The jackal barely misses you.
You block the jackal's attack. The crimson imp hits you.
The jackal bites you but does no damage.
The crimson imp blinks!
The jackal bites you.
You die...

####....# #..#.# #
#..#.# .#### #%.#.#
..... #..#.### ...#
##.#...# ###..## #
#..##.### #.....# ..
#.......###.###.####.#o
#####.......@ho¤.......
#.....5#h5o........
##...5..ho%........
#.....####!##.....
#.....# ..# ....
........ #.## .#.
#.........".
#>.......... ...


You could see an orc priest, an orc wizard, Natasha, 3 crimson imps, an orc and
2 jackals.

Vanquished Creatures
  Terence (D:2)
  Robin (D:2)
  5 adders
  5 worms (D:2)
  4 dart slugs
  4 leopard geckos
  A giant cockroach (D:1)
  9 goblins (D:2)
  10 hobgoblins
  14 jackals
  2 quokkas (D:2)
  5 bats
  A frilled lizard (D:2)
  4 kobolds
  3 rats
69 creatures vanquished.

Notes
Turn   | Place    | Note
-------+----------+-------------------------------------------
     0 | D:1      | FakerFangirl the Draconian Fighter began the quest for the Orb.
     0 | D:1      | Reached XP level 1. HP: 19/19 MP: 1/1
     0 | D:1      | 0 ||| counter = 69
   131 | D:1      | 131 ||| Stepping ~*~*~tactically~*~*~ (outnumbered).
   138 | D:1      | 138 ||| Stepping ~*~*~tactically~*~*~ (outnumbered).
   151 | D:1      | Reached XP level 2. HP: 21/26 MP: 2/2
   218 | D:1      | Reached skill level 3 in Maces & Flails
   374 | D:1      | Reached XP level 3. HP: 31/31 MP: 3/3
   775 | D:1      | 775 ||| READING scroll labeled QYMEWY ZERICW.
   776 | D:1      | 776 ||| READING 2 scrolls labeled MIUX VUMOASH.
   777 | D:1      | 777 ||| READING scroll labeled NIZXIJEZOLA.
   781 | D:1      | 781 ||| READING scroll labeled NATOES KEAROCE.
   930 | D:2      | Reached skill level 4 in Maces & Flails
   989 | D:2      | Noticed Terence
  1003 | D:2      | Killed Terence
  1003 | D:2      | Reached XP level 4. HP: 31/38 MP: 4/4
  1402 | D:2      | Noticed Robin
  1419 | D:2      | Killed Robin
  1419 | D:2      | Reached skill level 5 in Maces & Flails
  1424 | D:2      | 1424 ||| Stepping ~*~*~tactically~*~*~ (outnumbered).
  1566 | D:2      | Reached XP level 5. HP: 33/45 MP: 5/5
  1671 | D:2      | Found an ancient bone altar of Kikubaaqudgha.
  1855 | D:2      | 1855 ||| UPGRADING to pair of boots.
  1860 | D:2      | 1860 ||| READING scroll labeled WONUZI LU SUTHYF.
  1861 | D:2      | 1861 ||| READING 2 scrolls of identify.
  1861 | D:2      | 1861 ||| IDENTIFYING lumpy sapphire potion
  1903 | D:3      | 1903 ||| STAIRDANCE
  1913 | D:3      | 1913 ||| STAIRDANCE
  1920 | D:3      | 1920 ||| STAIRDANCE
  1944 | D:3      | Noticed Natasha
  1950 | D:3      | 1950 ||| Stepping ~*~*~tactically~*~*~ (outnumbered).
  2051 | D:3      | 2051 ||| Stepping ~*~*~tactically~*~*~ (outnumbered).
  2054 | D:3      | 2054 ||| Stepping ~*~*~tactically~*~*~ (outnumbered).
  2055 | D:3      | 2055 ||| Stepping ~*~*~tactically~*~*~ (outnumbered).
  2062 | D:3      | HP: 8/45 [orc priest/divine providence (15)]
  2063 | D:3      | 2063 ||| READING scroll of teleportation.
  2064 | D:3      | HP: 2/45 [crimson imp[Natasha] (4)]
  2064 | D:3      | Slain by a jackal

Vault maps used:
D:1:      saegor_arrival_simple_e
D:2:      nicolae_overflow_hidden_temple, uniq_terence, uniq_robin
D:3:      uniq_natasha, uniq_jessica

Skill      XL: |  1  2  3  4 |
---------------+-------------+-----
Maces & Flails | 3 4 5 |  5.6
Fighting       | |  3.2
Dodging        | |  2.6
Shields        | |  3.0

Action                   |  1- 3 |  4- 6 || total
-------------------------+-------+-------++-------
Melee: Flail             |    85 |   145 ||   230
       Tailslap          |     9 |    13 ||    22
  Use: Scroll            |     4 |     3 ||     7
 Stab: Sleeping          |     1 |       ||     1
       Distracted        |       |     1 ||     1
  Eat: Chunk             |       |     4 ||     4
Armor: Skin              |    20 |    44 ||    64
Dodge: Dodged            |    39 |    71 ||   110
Block: Shield            |    46 |    80 ||   126
